 Dungeon Crawl Stone Soup version 0.28.0-53-g5a82cb258f (webtiles) character file.

Game seed: 9224690320203074427

18 H0rd4k the Charlatan (level 2, 0/21 HPs)
             Began as a Human Artificer on May 25, 2022.
             Constricted to death by a ball python (1 damage)
             ... on level 1 of the Dungeon.
             The game lasted 00:00:43 (420 turns).

H0rd4k the Charlatan (Human Artificer)               Turns: 420, Time: 00:00:43

Health: 0/21       AC:  3    Str: 12    XL:     2   Next: 85%
Magic:  2/2        EV:  8    Int: 11    God:
Gold:   0          SH:  0    Dex: 13    Spells: 1/1 levels left

rFire   . . .      SeeInvis .   a - +0 club
rCold   . . .      Faith    .   (no shield)
rNeg    . . .      Spirit   .   b - +0 leather armour
rPois   .          Reflect  .   (no helmet)
rElec   .          Harm     .   (no cloak)
rCorr   .          Rampage  .   (no gloves)
Will    .....                   (no boots)
Stlth   +.........              (no amulet)
HPRegen 0.07/turn               (no ring)
MPRegen 0.08/turn               (no ring)

@: constricted
A: no striking features
a: no special abilities


You were on level 1 of the Dungeon.
You visited 1 branch of the dungeon, and saw 1 of its levels.

Inventory:

Hand Weapons
 a - a +0 club (weapon)
 h - a +2 spear of distortion
Armour
 b - a +0 leather armour (worn)
Wands
 c - a wand of flame (11) (quivered)
 d - a wand of charming (15)
Scrolls
 g - a scroll of identify {unknown}
Potions
 f - a potion of mutation {unknown}
Miscellaneous
 e - a piece from Xom's chessboard (15/15)


   Skills:
 + Level 1.0 Fighting
 + Level 2.1 Armour
 + Level 1.1 Dodging
 + Level 1.1 Stealth
 + Level 3.6 Evocations


You had one spell level left.
You didn't know any spells.
Your spell library was empty.

Dungeon Overview and Level Annotations

Branches:
Dungeon (1/15)

Altars:


Message History

You hit the kobold.
The kobold is severely wounded.
The kobold closely misses you. The ball python closely misses you.
The ball python grabs you. The ball python constricts you.
You hit the ball python.
The ball python is severely wounded.
The kobold barely misses you. The ball python bites you.
The ball python constricts you.
The kobold hits you with a +0 short sword.
The ball python bites you. The ball python constricts you.
You closely miss the ball python.
The ball python is severely wounded.
The kobold hits you with a +0 short sword.
The ball python barely misses you. The ball python constricts you.
The ball python's grasp on you weakens, but your attempt to escape fails.
The ball python bites you. The ball python constricts you.
The kobold hits you but does no damage.
You escape the ball python's grasp.
The kobold hits you with a +0 short sword.
* * * LOW HITPOINT WARNING * * *
The ball python bites you but does no damage.
The ball python grabs you. The ball python constricts you.
* * * LOW HITPOINT WARNING * * *
You see here a rat corpse.
You escape the ball python's grasp.
You closely miss the kobold.
The kobold is severely wounded.
The kobold hits you but does no damage.
Aiming: Throw Flame
Press: ? - help, Shift-Dir - straight line, f - kobold
Aim: a kobold, wielding a +0 short sword (severely wounded, 64% to hit)
The puff of flame hits the kobold.
You kill the kobold!
Unknown command.
You barely miss the ball python.
The ball python is heavily wounded.
The ball python bites you.
* * * LOW HITPOINT WARNING * * *
The ball python grabs you. The ball python constricts you.
You die...

#.........#..##
#.........#..##
#........##..##
#######$..>....
#..##
..........##.##
#....
............#####.##
###...........##.##
#:##..##.####.##.#
#@#...#.# #.##.#
##S?....# #..#.#
#.......##..#
##...##
##.....#.##.# ##...#
####..##$#.# #....#
##.. ##.# #..... ##.
#..... # #...##
.####...##


You could see a ball python.

Vanquished Creatures
  A gnoll (D:1)
  A hobgoblin (D:1)
  A kobold (D:1)
  A ball python (D:1)
  A frilled lizard (D:1)
  A goblin (D:1)
  4 rats (D:1)
10 creatures vanquished.

Notes
Turn   | Place    | Note
-------+----------+-------------------------------------------
     0 | D:1      | H0rd4k the Human Artificer began the quest for the Orb.
     0 | D:1      | Reached XP level 1. HP: 15/15 MP: 1/1
    91 | D:1      | Reached XP level 2. HP: 21/21 MP: 2/2
   420 | D:1      | HP: 1/21 [ball python (3)]
   420 | D:1      | Constricted to death by a ball python

Illustrated notes

Levels and vault maps discovered:
D:1:      lightli_arrival_boilingwater, layout_rooms, minmay_bisected

Action                   || total
-------------------------++-------
Melee: Club              ||    31
Evoke: Wand              ||     4
 Stab: Sleeping          ||     2
Armor: Leather armour    ||    11
Dodge: Dodged            ||    18
